 Dungeon Crawl Stone Soup version 0.29-a0-23-ga79f92ac9c (webtiles) character file.

Game seed: 2201049167427917435

95 Nattfarinn the Grave Robber (level 4, -6/21 HPs)
             Began as a Vine Stalker Necromancer on Jan 29, 2022.
             Mangled by Grinder (9 damage)
             ... while paralysed by Grinder
             ... on level 3 of the Dungeon.
             The game lasted 00:03:36 (2769 turns).

Nattfarinn the Grave Robber (VSNe)                  Turns: 2769, Time: 00:03:37

Health: -6/21      AC:  2    Str: 13    XL:     4   Next: 66%
Magic:  0/9        EV:  2    Int: 15    God:
Gold:   42         SH:  0    Dex: 14    Spells: 8/9 levels left

rFire   . . .      SeeInvis .   k - +2 dagger (freeze)
rCold   . . .      Faith    .   (no shield)
rNeg    . . .      Spirit   +   a - +0 robe
rPois   .          Reflect  .   (no helmet)
rElec   .          Harm     .   (no cloak)
rCorr   .          Rampage  .   (no gloves)
Will    .....                   (no boots)
Stlth   ++........              (no amulet)
HPRegen 0.87/turn               (no ring)
MPRegen 0.11/turn               (no ring)

@: paralysed
A: fangs 2, regeneration 1, magic shield, antimagic bite, no potion heal 2
a: no special abilities


You were on level 3 of the Dungeon.
You visited 1 branch of the dungeon, and saw 3 of its levels.

You collected 42 gold pieces.

Inventory:

Hand Weapons
 b - a +0 rapier
 k - a +2 dagger of freezing (weapon)
Armour
 a - a +0 robe (worn)
Scrolls
 d - 2 scrolls of holy word {unknown}
 e - a scroll of teleportation {unknown}
 g - a scroll of enchant weapon {unknown}
 h - a scroll of amnesia {unknown}
 j - a scroll of acquirement {unknown}
 m - a scroll of fog {unknown}
 p - a scroll of silence {unknown}
 q - 2 scrolls of identify {unknown}
Potions
 c - a potion of brilliance {unknown}
 f - 2 potions of curing {unknown}
 i - a potion of lignification {unknown}
 l - a potion of mutation {unknown}
 n - 2 potions of haste {unknown}
 o - 2 potions of berserk rage {unknown}


   Skills:
 * Level 3.0 Short Blades
 - Level 1.5 Dodging
 - Level 2.4 Stealth
 + Level 3.2 Spellcasting
 - Level 4.0 Necromancy


You had 8 spell levels left.
You knew the following spells:

 Your Spells              Type           Power      Damage    Failure   Level
a - Pain                  Necr           56%        1d6       3%          1

Your spell library contained the following spells:

 Spells                   Type           Power      Damage    Failure   Level
 Animate Skeleton         Necr           28%        N/A       3%          1
 Vampiric Draining        Necr           14%        2d7       12%         3
 Animate Dead             Necr           7%         N/A       36%         4
 Ozocubu's Armour         Ice            2%         N/A       52%         3
 Agony                    Necr           14%        N/A       71%         5
 Metabolic Englaciation   Hex/Ice        1%         N/A       99%         5
 Simulacrum               Ice/Necr       4%         N/A       100%        6


Dungeon Overview and Level Annotations

Branches:
Dungeon (3/15)

Altars:

Annotations:
D:3 Grinder


Innate Abilities, Weirdness & Mutations

You have extremely sharp teeth.
Your natural rate of healing is unusually fast.
When hurt, damage is shared between your health and your magic reserves.
Your bite disrupts and absorbs the magic of your enemies.
Potions cannot restore your health.


Message History

Grinder zaps a wand.
Some rock shatters into small pieces.
You can move again.
Unknown command.
Unknown command.
Unknown command.
Unknown command.
Unknown command.
Unknown command.
Unknown command.
Unknown command.
Unknown command.
Unknown command.
Unknown command.
Unknown command.
Unknown command.
Unknown command.
Unknown command.
Unknown command.
Unknown command.
Unknown command.
Unknown command.
Unknown command.
Unknown command.
Unknown command.
Unknown command.
Unknown command.
Grinder gestures at you. Pain shoots through your body!
You closely miss Grinder.
Grinder is lightly wounded.
Grinder gestures at you.
You suddenly lose the ability to move!
Grinder hits you!
* * * LOW HITPOINT WARNING * * *
You writhe in agony.
* * * LOW HITPOINT WARNING * * *
Grinder hits you.
* * * LOW HITPOINT WARNING * * *
Grinder hits you!
You die...

###########.#
#.# #.# #.#
#.# ##.# ##..#
#######.#.##
......5@...#
#####........#
#.######### #.
#. #


You could see Grinder.

Vanquished Creatures
  Robin (D:3)
  A worm (D:3)
  4 dart slugs
  9 ball pythons
  7 endoplasms
  A giant cockroach (D:1)
  16 goblins
  3 hobgoblins
  A quokka (D:1)
  9 bats
  4 frilled lizards (D:1)
  4 kobolds
  4 rats
64 creatures vanquished.

Vanquished Creatures (others)
  A demonic plant (D:1)
  A withered plant (D:1)
2 creatures vanquished.

Grand Total: 66 creatures vanquished

Notes
Turn   | Place    | Note
-------+----------+-------------------------------------------
     0 | D:1      | Nattfarinn the Vine Stalker Necromancer began the quest for
                  | the Orb.
     0 | D:1      | Reached XP level 1. HP: 9/9 MP: 4/4
   159 | D:1      | Reached skill level 1 in Short Blades
   159 | D:1      | Reached XP level 2. HP: 13/13 MP: 6/6
   482 | D:1      | Found a faded altar of an unknown god.
   906 | D:1      | Reached XP level 3. HP: 14/16 MP: 7/7
  2356 | D:2      | Gained mutation: Your natural rate of healing is unusually
                  | fast. [Vine Stalker growth]
  2356 | D:2      | Reached XP level 4. HP: 18/21 MP: 5/9
  2434 | D:3      | Noticed Robin
  2545 | D:3      | Killed Robin
  2726 | D:3      | Noticed Grinder
  2758 | D:3      | Paralysed by Grinder for 5 turns
  2766 | D:3      | Paralysed by Grinder for 5 turns
  2769 | D:3      | Mangled by Grinder

Illustrated notes

Levels and vault maps discovered:
D:1:      grunt_arrival_lava_bath, layout_basic, shapermc_ecumenical_altar_gd
D:2:      layout_basic
D:3:      layout_basic, uniq_grinder, uniq_ijyb, uniq_robin

Skill      XL: |  1  2  3  4 |
---------------+-------------+-----
Short Blades   | 1 2 3 |  3.0
Spellcasting   | 3 |  3.2
Dodging        | |  1.5
Stealth        | |  2.4
Necromancy     | |  4.0

Action                   |  1- 3 |  4- 6 || total
-------------------------+-------+-------++-------
Melee: Rapier            |    32 |       ||    32
       Bite              |     7 |    11 ||    18
       Dagger            |     4 |    45 ||    49
       Punch             |       |     1 ||     1
 Cast: Pain              |    55 |       ||    55
 Stab: Sleeping          |     5 |     2 ||     7
Armor: Robe              |     9 |     2 ||    11
Dodge: Dodged            |    24 |    20 ||    44

Table legend: (Time is in decaauts)
 A = Elapsed time spent in this place.
 B = Non-inter-level travel time spent in this place.
 C = Inter-level travel time spent in this place.
 D = Time resting spent in this place.
 E = Time spent auto-exploring this place.
 F = Levels seen in this place.
 G = Mean time per level.
                   A        B        C        D        E       F      G
               +--------+--------+--------+--------+--------+-----+--------+
         Total |   2769 |   2721 |     48 |     80 |   2279 |   3 |  923.0 |
       Dungeon |   2769 |   2721 |     48 |     80 |   2279 |   3 |  923.0 |
               +--------+--------+--------+--------+--------+-----+--------+

Top non-repeatable levels by time:
     D:2: 1476 daAuts
     D:1: 1055 daAuts
     D:3: 238 daAuts
